 Dungeon Sprint DCSS version 0.21-a0-72-gbbb65ab (webtiles) character file.

32 Kidiri the Insei (level 3, -2/30 HPs)
             Began as a Draconian Transmuter on June 20, 2017.
             Slain by a human (9 damage)
             ... in the Dungeon (Sprint III: "The Ten Rune Challenge").
             The game lasted 00:00:53 (193 turns).

Kidiri the Insei (Draconian Transmuter)              Turns: 193, Time: 00:00:54

Health: -2/30      AC:  5    Str: 12    XL:     3   Next: 8%
Magic:  6/7        EV: 12    Int: 13    God:
Gold:   0          SH:  0    Dex: 12    Spells: 7/8 levels left

rFire    . . .     SeeInvis .     - Unarmed
rCold    . . .     Gourm    .   (no shield)
rNeg     . . .     Faith    .   (armour unavailable)
rPois    .         Spirit   .   (helmet restricted)
rElec    .         Reflect  .   (no cloak)
rCorr    .         Harm     .   (no gloves)
MR       .....     NoTele   +   (boots currently unavailable)
Stlth    ++........             (no amulet)
HPRegen  0.10/turn              (no ring)
MPRegen  0.10/turn              (no ring)

@: appendage
A: unfitting armour, talons 3, cold-blooded, AC +5
a: End Transformation


You were in the Dungeon.
You were not hungry.
You had grown temporary talons.
You visited 1 branch

Inventory:

Missiles
 a - 12 arrows
Scrolls
 i - a scroll of blinking
 j - a scroll of fear {unknown}
Potions
 d - a potion of curing
 e - a potion of heal wounds
 f - a potion of haste
 g - 2 potions of magic
 h - a potion of berserk rage
Books
 b - a book of Changes

   Spells                             Type                      Level
   a - Beastly Appendage              Transmutation                1
   b - Sticks to Snakes               Transmutation                2
   c - Spider Form                    Transmutation/Poison         3
   d - Ice Form                       Ice/Transmutation            4
   e - Blade Hands                    Transmutation                5
Comestibles
 c - a bread ration
 k - 4 chunks of flesh


   Skills:
 + Level 2.4 Fighting
 + Level 2.4 Dodging
 + Level 1.7 Stealth
 * Level 4.0 Unarmed Combat
 * Level 3.3 Spellcasting
 * Level 3.5 Transmutations


You had 7 spell levels left.
You knew the following spells:

 Your Spells              Type           Power        Failure   Level  Hunger
a - Beastly Appendage     Tmut           ##....       5%          1    #......


Dungeon Overview and Level Annotations

Branches:
Dungeon (1/1)

Altars:


Innate Abilities, Weirdness & Mutations

Your plain brown scales are hard. (AC +5)
You cannot fit into any form of body armour.
You are cold-blooded and may be slowed by cold attacks.
You have claws for feet.


Message History

Your feet morph into talons.
The human hits you!
* * * LOW HITPOINT WARNING * * *
You closely miss the human.
The human is heavily wounded.
You hit the human. Your kick misses the human.
The human is heavily wounded.
The human closely misses you.
You barely miss the human.
Your tail-slap misses the human.
The human is heavily wounded.
The human closely misses you.
You closely miss the human.
The human is heavily wounded.
The human closely misses you.
You hit the human but do no damage. Your kick misses the human.
The human is heavily wounded.
The human closely misses you.
You miss the human.
The human is heavily wounded.
The human hits you!
You die...

▓#'####
▓.....#....≈♣♣♣♣♣.#
▓.....#...≈≈...♣..#
▓.....#..≈≈≈≈.....+
▓####'#..≈≈≈≈≈≈.♣.#
▓(..[÷#.≈≈≈≈≈≈....#
▓.....#.≈≈≈≈≈.....#
▓.....#.≈≈≈....p..#
▓'#####.......@...#
▓.................#
▓▓▓▓▓▓▓▓▓▓▓▓▓▓▓▓▓▓▓


You could see a human.

Vanquished Creatures
  Jessica (D)
  An ooze (D)
  2 rats (D)
4 creatures vanquished.

Vanquished Creatures (others)
  6 hellions (D)
  A yaktaur (D)
  4 plants (D)
11 creatures vanquished.

Grand Total: 15 creatures vanquished

Notes
Turn   | Place    | Note
-------+----------+-------------------------------------------
     0 | D        | Kidiri the Draconian Transmuter began the quest for the Orb.
     0 | D        | Reached XP level 1. HP: 16/16 MP: 3/3
    78 | D        | Killed a yaktaur
    87 | D        | Noticed Jessica
    90 | D        | Killed Jessica
    90 | D        | Reached skill level 1 in Stealth
    90 | D        | Reached skill level 4 in Unarmed Combat
    90 | D        | Reached XP level 2. HP: 19/25 MP: 4/6
    90 | D        | Reached XP level 3. HP: 23/30 MP: 4/7
   101 | D        | Killed a hellion
   112 | D        | Killed a hellion
   137 | D        | Killed a hellion
   137 | D        | Killed a hellion
   137 | D        | Killed a hellion
   151 | D        | Killed a hellion
   193 | D        | Slain by a human

Vault maps used:
D:        dungeon_sprint_mu

Skill      XL: |  1 |
---------------+----+-----
Dodging        | 2 |  2.4
Fighting       | 2 |  2.4
Stealth        | 1 |  1.7
Unarmed Combat | 4 |  4.0
Spellcasting   | 3 |  3.3
Transmutations | 3 |  3.5

Action                   || total
-------------------------++-------
Melee: Unarmed           ||    32
       Kick              ||     3
       Headbutt          ||     1
       Tailslap          ||     1
 Cast: Beastly Appendage ||     3
Armor: Skin              ||     5
Dodge: Dodged            ||    19
